 Dungeon Crawl Stone Soup version 0.28.0-53-g5a82cb258f (webtiles) character file.

Game seed: 16813468759986795978

10266 Legadrian the Basher (level 11, -1/91 HPs)
             Began as a Human Berserker on July 1, 2022.
             Was a High Priest of Trog.
             Slain by a cane toad (12 damage)
             ... on level 1 of the Lair of Beasts.
             The game lasted 00:40:28 (12344 turns).

Legadrian the Basher (Human Berserker)             Turns: 12344, Time: 00:40:31

Health: -1/91      AC: 22    Str: 21    XL:     11   Next: 89%
Magic:  20/20      EV: 10    Int: 12    God:    Trog [*****.]
Gold:   484        SH:  0    Dex: 20    Spells: 10/10 levels left

rFire   + + .      SeeInvis .   T - +2 flail (protect)
rCold   x . .      Faith    .   A - orb {mayhem}
rNeg    + . .      Spirit   .   z - +1 fire dragon scales
rPois   .          Reflect  .   H - +0 helmet
rElec   .          Harm     .   n - +0 cloak
rCorr   .          Rampage  .   j - +0 pair of gloves
Will    .....      Rage     1%  (no boots)
Stlth   ..........              E - amulet of regeneration
HPRegen 1.05/turn               B - +6 ring of dexterity
MPRegen 0.17/turn               b - ring "Vefuesa" {rN+ MP+9 Int+5}

@: lethally poisoned (-1 -> -2), under a protective aura, on berserk cooldown,
slowed, very slow
A: berserk 1, passive freeze
a: Renounce Religion, Berserk, Trog's Hand, Brothers in Arms


You were on level 1 of the Lair of Beasts.
You worshipped Trog.
Trog was extremely pleased with you.
You visited 2 branches of the dungeon, and saw 12 of its levels.
You also visited: Sewer.

You collected 484 gold pieces.

Inventory:

Hand Weapons
 D - the +7 falchion of Insomnia {elec, Contam rC+ Int+7 SInv}
   (You found it on level 6 of the Dungeon)

   It occasionally discharges a powerful burst of electricity upon striking a
   foe.
   Int:       It affects your intelligence (+7).
   rC:        It protects you from cold.
   SInv:      It lets you see invisible.
   Contam:    It causes magical contamination when unequipped.
 O - a +5 battleaxe
 T - a +2 flail of protection (weapon)
 V - a +1 vorpal flail
Missiles
 c - 164 bolts
 o - 11 boomerangs
 r - 19 poisoned darts
Armour
 j - a +0 pair of gloves (worn)
 n - a +0 cloak (worn)
 q - a +3 scale mail of fire resistance
 z - +1 fire dragon scales (worn)
 A - an orb of mayhem (worn)
 F - a +2 robe of cold resistance
 H - a +0 helmet (worn)
 Z - a +1 leather armour of cold resistance
Jewellery
 b - the ring "Vefuesa" (right hand) {rN+ MP+9 Int+5}
   (You found it on level 9 of the Dungeon)

   [ring of positive energy]

   Int:       It affects your intelligence (+5).
   rN:        It protects you from negative energy.
   MP:        It affects your magic capacity (+9).
 B - a +6 ring of dexterity (left hand)
 E - an amulet of regeneration (around neck)
 X - a ring of fire
Wands
 h - a wand of charming (2)
 p - a wand of mindburst (10)
 S - a wand of digging (10)
 U - a wand of polymorph (11)
Scrolls
 f - a scroll of amnesia
 i - 2 scrolls of fear
 t - a scroll of teleportation
 u - a scroll of noise
 C - a scroll of fog
 P - a scroll of blinking
 W - a scroll of summoning
 Y - a scroll of magic mapping
Potions
 d - a potion of might
 e - 2 potions of mutation
 g - 4 potions of curing
 k - 4 potions of heal wounds
 l - 3 potions of resistance
 m - 2 potions of invisibility
 s - 2 potions of brilliance
 v - a potion of cancellation
 w - 3 potions of magic
 x - 2 potions of attraction {unknown}
 N - 2 potions of flight {unknown}
 R - a potion of degeneration {unknown}
Miscellaneous
 a - a phial of floods


   Skills:
 - Level 10.2 Fighting
 - Level 14.0 Maces & Flails
 * Level 6.7 Armour
 - Level 2.0 Dodging


You had 10 spell levels left.
You didn't know any spells.
Your spell library was empty.

Dungeon Overview and Level Annotations

Branches:
Dungeon (11/15)            Temple (0/1) D:5            Lair (1/6) D:9
  Sewer (visited)
    Orc: D:9-12

Altars:
Nemelex Xobeh

Shops:
D:2 =   D:8 ([   D:9 !*=!:   D:11 *


Innate Abilities, Weirdness & Mutations

You tend to lose your temper in combat.
A frigid envelope surrounds you and freezes all who hurt you.


Message History

Items here: ( ) [ †.
q - a +3 scale mail of fire resistance You feel a strong urge to attack something.
You start resting.
You are no longer berserk.
You are exhausted.
You feel yourself slow down.
You start resting.
A cane toad comes into view.
A cane toad is nearby!
The cane toad gives a loud, deep croak!
You hit the cane toad but do no damage.
Your weapon exudes an aura of protection.
The cane toad barely misses you. The cane toad closely misses you.
You hit the cane toad.
The cane toad is lightly wounded.
The cane toad stings you!
* * * LOW HITPOINT WARNING * * *
You are poisoned.
The cane toad poisons you!
The cane toad is very cold.
The cane toad is lightly wounded.
You hit the cane toad.
The cane toad is lightly wounded.
You feel very sick. The cane toad barely misses you.
You thump the cane toad!
The cane toad is moderately wounded.
You feel very sick. The cane toad completely misses you.
You hit the cane toad.
The cane toad is heavily wounded.
You feel sick. The cane toad closely misses you.
You sock the cane toad!
The cane toad is severely wounded.
You feel sick. The cane toad stings you!
* * * LOW HITPOINT WARNING * * *
The cane toad is very cold.
The cane toad is severely wounded.
The cane toad stings you!
You die...

≈≈.♣......#
≈≈........#
≈≈........#
..........#
♣.P....#####
♣..P).P.....
#♣.P..P..... #...
#......[.... #...
#..@F....... #....
#........... #....
#.....♣.....
#....####..........♣
##....P.#....##.#....
#.............#..#...
#....#..............
#....#..####...#....
#.......≈≈≈≈.###....


You could see a cane toad.

Vanquished Creatures
  A hydra (Lair:1)
  A boulder beetle (D:11)
  2 two-headed ogres
  Urug (Lair:1)
  An ugly thing (D:11)
  A cane toad (Lair:1)
  A freezing wraith (D:9)
  A troll (D:10)
  A wraith (D:10)
  A shadow (D:10)
  5 yaks (D:10)
  A steam dragon (D:9)
  2 water moccasins (Lair:1)
  An ice beast (D:6)
  2 black bears
  3 necrophages
  3 orc warriors
  A sky beast (D:7)
  An ogre (D:6)
  2 phantoms
  A centaur (D:10)
  2 kobold brigands
  4 bullfrogs
  2 scorpions
  2 wyvern zombies (D:4)
  2 water moccasin zombies
  A water moccasin skeleton (D:4)
  10 wights (D:7)
  7 killer bees
  4 howler monkeys
  A bullfrog zombie (D:5)
  A centaur zombie (D:7)
  3 jellies
  4 hounds
  A centaur skeleton (D:6)
  A gnoll shaman (D:6)
  An orc priest (D:6)
  2 bullfrog skeletons
  3 iguanas
  7 orc wizards
  A hound skeleton (D:4)
  3 howler monkey zombies
  4 gnolls (D:6)
  12 adders
  2 howler monkey skeletons
  6 river rats (Sewer)
  3 ufetubi
  4 worms
  4 dart slugs
  16 orcs
  4 endoplasms
  3 giant cockroaches
  10 goblins
  7 hobgoblins
  2 quokkas (D:1)
  17 ball pythons
  10 bats
  5 frilled lizards
  27 kobolds
  29 rats
260 creatures vanquished.

Vanquished Creatures (collateral kills)
  A hydra (Lair:1)
  A yak (D:10)
  2 orc priests
  A bullfrog skeleton (D:6)
  A killer bee zombie (D:6)
  A gnoll (D:6)
  A howler monkey skeleton (D:7)
  An orc (D:8)
  A kobold (D:8)
10 creatures vanquished.

Vanquished Creatures (others)
  A killer bee (D:8)
  An adder (D:6)
  A plant (Lair:1)
  2 withered plants (D:7)
5 creatures vanquished.

Grand Total: 275 creatures vanquished

Notes
Turn   | Place    | Note
-------+----------+-------------------------------------------
     0 | D:1      | Legadrian the Human Berserker began the quest for the Orb.
     0 | D:1      | Reached XP level 1. HP: 18/18 MP: 1/1
   341 | D:1      | Reached XP level 2. HP: 24/24 MP: 2/2
   600 | D:1      | Reached skill level 4 in Maces & Flails
   600 | D:1      | Reached XP level 3. HP: 29/29 MP: 3/3
   975 | D:1      | Reached ** piety under Trog
  1475 | D:2      | Found Jetaov's Jewellery Emporium.
  1939 | D:2      | Reached XP level 4. HP: 27/35 MP: 4/4
  2811 | D:3      | Reached skill level 5 in Maces & Flails
  3056 | D:3      | Reached XP level 5. HP: 41/41 MP: 5/5
  3467 | D:4      | Reached skill level 6 in Maces & Flails
  3583 | D:4      | Found a glowing drain.
  3605 | Sewer    | Entered a sewer
  3636 | Sewer    | Reached XP level 6. HP: 43/47 MP: 6/6
  3674 | Sewer    | Reached *** piety under Trog
  4430 | Sewer    | Reached skill level 7 in Maces & Flails
  4521 | Sewer    | Gained mutation: You tend to lose your temper in combat.
                  | [potion of mutation]
  4521 | Sewer    | Gained mutation: A frigid envelope surrounds you and
                  | freezes all who hurt you. [potion of mutation]
  4849 | D:4      | Reached XP level 7. HP: 52/52 MP: 7/7
  5053 | D:4      | Reached **** piety under Trog
  5335 | D:4      | Reached skill level 8 in Maces & Flails
  5833 | D:5      | Entered Level 5 of the Dungeon
  6110 | D:5      | Reached XP level 8. HP: 38/58 MP: 8/8
  6162 | D:5      | Reached skill level 9 in Maces & Flails
  6636 | D:5      | Found a staircase to the Ecumenical Temple.
  6649 | D:5      | Reached skill level 10 in Maces & Flails
  7076 | D:6      | Reached skill level 11 in Maces & Flails
  7076 | D:6      | Reached XP level 9. HP: 35/63 MP: 9/9
  7094 | D:6      | Reached ***** piety under Trog
  7298 | D:6      | Identified the +7 falchion of Insomnia {elec, Contam rC+
                  | Int+7 SInv}
  7396 | D:6      | Found a sparkling altar of Nemelex Xobeh.
  7549 | D:6      | Reached skill level 12 in Maces & Flails
  8333 | D:7      | Reached skill level 13 in Maces & Flails
  8626 | D:7      | Reached XP level 10. HP: 70/70 MP: 10/10
  9269 | D:8      | Found Komiw's Antique Armour Shop.
  9379 | D:8      | Found Vipituasi's Weapon Shoppe.
  9388 | D:8      | Reached skill level 14 in Maces & Flails
  9840 | D:9      | Found Wigomuq's Jewellery Boutique.
  9864 | D:9      | Noticed a two-headed ogre
  9874 | D:9      | Killed a two-headed ogre
  9875 | D:9      | Reached skill level 5 in Fighting
 10053 | D:9      | Found Foyxosk's General Store.
 10383 | D:9      | Found Orhaim's Distillery.
 10398 | D:9      | Found a staircase to the Lair.
 10430 | D:9      | Noticed a freezing wraith
 10439 | D:9      | Killed a freezing wraith
 10499 | D:9      | Found Cyedes's Book Boutique.
 10612 | D:9      | Found Liptuckan's Distillery.
 10715 | D:9      | Identified the ring "Vefuesa" {rN+ MP+9 Int+5}
 10895 | Lair:1   | Entered Level 1 of the Lair of Beasts
 10895 | Lair:1   | Noticed a cane toad
 10895 | Lair:1   | Noticed a four-headed hydra
 10902 | Lair:1   | Killed a four-headed hydra
 10906 | Lair:1   | Killed a cane toad
 10907 | Lair:1   | Reached XP level 11. HP: 37/86 MP: 11/11
 10965 | Lair:1   | Noticed a six-headed hydra
 10972 | Lair:1   | Killed a six-headed hydra
 11110 | D:10     | Entered Level 10 of the Dungeon
 11133 | D:10     | Noticed a two-headed ogre
 11144 | D:10     | Killed a two-headed ogre
 11405 | D:10     | Reached skill level 10 in Fighting
 12082 | D:11     | Noticed a boulder beetle
 12113 | D:11     | Killed a boulder beetle
 12114 | D:11     | Reached skill level 5 in Armour
 12139 | D:11     | Found Zelounen's Assorted Antiques.
 12139 | D:11     | Noticed a cyan ugly thing
 12149 | D:11     | Killed a cyan ugly thing
 12300 | Lair:1   | Noticed Urug
 12330 | Lair:1   | Killed Urug
 12344 | Lair:1   | Slain by a cane toad

Illustrated notes

Levels and vault maps discovered:
D:1:      ncdulo_lavacross, layout_basic
D:2:      layout_basic, serial_shops, shop
D:3:      layout_basic, amcnicky_mini_pool_small, grunt_decor_resistance,
          serial_park_tiny_pond, minmay_puff
D:4:      layout_cave_pods, cheibrodos_sewer_entry_drain, st_stairs_7
D:5:      layout_loops_ring, minmay_temple_entry_antechambers
D:6:      layout_loops_ring, lemuel_doored_altar, grunt_decor_cap,
          minmay_fractal_squares_diagonal_5
D:7:      layout_loops_corners, serial_undead, serial_undead_b, serial_undead_b,
          serial_undead_b, serial_undead_f, serial_undead_d, serial_undead_a,
          nicolae_figureground_sparkle
D:8:      layout_loops_cross, serial_shops, nicolae_shop_statue_plus,
          nicolae_shop_bloodbath_and_beyond, minmay_misc_feat_diagonals
D:9:      layout_loops_corners, lair_entry_dummy, serial_shops,
          kennysheep_mini_moat, shop_statue, nicolae_shop_behind_doors,
          nicolae_shop_trees, shop
D:10:     layout_basic, serial_corexii_hall, corexii_hall_statues_deadend,
          corexii_hall_statues_s
D:11:     layout_roguey, serial_shops, shop, amethyst_killhole, uniq_snorg
Lair:1:   layout_gridlike, portal_ice_cave_demonic_guard, enter_volcano_2,
          mumra_transporter_accident, st_stairs_8,
          grunt_forest_large_clearing_hut, uniq_urug

Skill      XL: |  1  2  3  4  5  6  7  8  9 10 11 |
---------------+----------------------------------+-----
Maces & Flails | 4 5 6 7 8 11 13 14 | 14.0
Fighting       | 8 10 | 10.2
Armour         | 6 |  6.7
Dodging        | |  2.0

Action                   |  1- 3 |  4- 6 |  7- 9 | 10-12 || total
-------------------------+-------+-------+-------+-------++-------
Melee: Mace              |   104 |   223 |   210 |    58 ||   595
       Punch             |     1 |     2 |       |       ||     3
       Morningstar       |       |       |    57 |       ||    57
       Flail             |       |       |       |   166 ||   166
Invok: Berserk           |       |     2 |     3 |     7 ||    12
       Trog's Hand       |       |       |       |     1 ||     1
       Brothers in Arms  |       |       |       |     1 ||     1
  Use: Potion            |     1 |     1 |     1 |       ||     3
       Scroll            |     5 |     3 |     5 |     7 ||    20
 Stab: Distracted        |       |       |     1 |     1 ||     2
Armor: Animal skin       |    24 |       |       |       ||    24
       Chain mail        |       |   155 |     1 |       ||   156
       Fire dragon scale |       |       |   109 |    69 ||   178
Dodge: Dodged            |    77 |   109 |   119 |   101 ||   406
